 Dungeon Crawl Stone Soup version 0.30-a0-469-g84de5afbc5 (webtiles) character file.

Game seed: 5550390020566906295

6384 ytrimaz the Thaumaturge (level 11, -2/65 HPs)
             Began as a Djinni Fire Elementalist on Dec 19, 2022.
             Was a Believer of Cheibriados.
             Slain by a death yak (9 damage)
             ... on level 8 of the Dungeon.
             The game lasted 00:14:43 (9810 turns).

ytrimaz the Thaumaturge (Djinni Fire Elementalist)  Turns: 9810, Time: 00:14:43

Health: -2/65      AC: 18    Str: 11    XL:     11   Next: 17%
Gold:   441        EV: 27    Int: 28    God:    Cheibriados [**....] SH:  0 Dex: 17

rFire   + + +      SeeInvis .    e - +7 short sword of Pokoudghi {venom, rPois rF+ Int+2}
rCold   x . .      Faith    .    (no shield)
rNeg    . . .      Spirit   .    s - +0 steam dragon scales
rPois   ∞          Reflect  .    k - +1 helmet
rElec   .          Harm     .    z - +2 cloak
rCorr   .          Rampage  .    (no gloves)
Will    +....                    (boots unavailable)
Stlth   ++........               j - amulet of the acrobat
HPRegen 0.30/turn                w - +4 ring of protection
MPRegen 0.00/turn                m - +4 ring of protection

@: acrobatic, flying, very slow
A: sickness immunity, fire resistance 2, cold vulnerability 1, float, innate
caster, HP casting, extra vitality 1
a: Renounce Religion, Bend Time


You were on level 8 of the Dungeon.
You worshipped Cheibriados.
Cheibriados was pleased with you.
You visited 2 branches of the dungeon, and saw 9 of its levels.
You also visited: Sewer.

You collected 441 gold pieces.


Innate Abilities, Weirdness & Mutations

You are immune to sickness and miasma.
You are immune to poison.
Your flesh is very heat resistant. (rF++)
You are vulnerable to cold. (rC-)
You float through the air rather than walking.
You learn spells naturally, not from books.
Your magical power is your life essence.
You have superior vitality. (+4 MHP)


   Skills:
 - Level 2.1 Dodging
 - Level 1.5 Stealth
 + Level 12.7 Spellcasting


You had 8 spell levels left.
You knew the following spells:

 Your Spells              Type           Power      Damage    Failure   Level
a - Stone Arrow           Conj/Erth      100%       3d13      1%          3
b - Scorch                Fire           100%       2d10      1%          2
c - Kindle Blastsparks    Fire/Tloc/Air  100%       2d18      1%          3
d - Flame Wave            Conj/Fire      73%        2d16      1%          4
e - Inner Flame           Hex/Fire       73%        N/A       1%          3
f - Beastly Appendage     Tmut           100%       N/A       0%          1
g - Static Discharge      Conj/Air       100%       2-7/arc   1%          2
h - Foxfire               Conj/Fire      100%       2x1d9     0%          1
i - Airstrike             Air            36%        2d(6-22)  1%          4
j - Manifold Assault      Tloc           73%        N/A       1%          4
Your spell library was empty.

Inventory:

Hand Weapons
 e - the +7 short sword of Pokoudghi (weapon) {venom, rPois rF+ Int+2}
   (You found it on level 6 of the Dungeon)

   It poisons the flesh of those it strikes.
   Int:       It affects your intelligence (+2).
   rF:        It protects you from fire.
   rPois:     It protects you from poison.
Armour
 k - a +1 helmet (worn)
   (You found it on level 2 of the Dungeon)
 s - +0 steam dragon scales (worn)
   (You took it off Maggie on level 8 of the Dungeon)
 z - a +2 cloak (worn)
   (You took it off Maurice on level 8 of the Dungeon)
Jewellery
 j - an amulet of the acrobat (around neck)
   (You found it on level 6 of the Dungeon)
 m - a +4 ring of protection (right hand)
   (You found it on level 7 of the Dungeon)
 v - a ring of willpower
   (You found it on level 5 of the Dungeon)
 w - a +4 ring of protection (left hand)
   (You found it on level 5 of the Dungeon)
Wands
 x - a wand of iceblast (28)
   (You found it on level 5 of the Dungeon)
 y - a wand of flame (24)
   (You took it off Maurice on level 8 of the Dungeon)
Scrolls
 d - 2 scrolls of teleportation
 g - 3 scrolls of enchant weapon
 h - a scroll of fog
 i - 2 scrolls of silence
 t - a scroll of enchant armour
Potions
 b - a potion of invisibility
 c - a potion of might {unknown}
 f - a potion of cancellation {unknown}
 l - 3 potions of attraction
 n - 4 potions of brilliance
 o - 3 potions of lignification
 p - a potion of ambrosia
 q - a potion of magic {unknown}
 r - 4 potions of mutation {unknown}
 u - a potion of curing

Dungeon Overview and Level Annotations

Branches:
Dungeon (8/15) Zot: 38601  Temple (1/1) D:6 Zot: 8665    Lair (0/5) D:8
  Sewer (visited)

Altars:
Ashenzari
Cheibriados
Dithmenos
Elyvilon
Fedhas
Gozag
Hepliaklqana
Makhleb
Okawaru
Trog
Uskayaw
Wu Jian
Xom
Yredelemnul
Zin
The Shining One

Shops:
D:8 [

Annotations:
D:6 exclusion: oklob plant
D:7 1 runed translucent door, pigah's ghost, novice OpWn

####### #.....#
#.....#
#############.....#
)...........'.....+
#############.....# .
# #.........# ...
#### #.......@.#.....
...###
#.....##Y§§.....
##:..#
#.....##§§#.....
####.####.....##§§#
....
..##....[.....##...
Y...
..######..######.....
.. ..'.......##
#..... . ..######...#
#....>. ### #.#.##
#.......


You could see a death yak.


Message History

Press: ? - help, Dir - move target, f/p - death yak
Aim: a death yak (chance to affect: 49%)
The death yak is filled with an inner flame. 😕 HP[-3]
You take 3 damage, and now have 52/60 hp.
Unknown command.
Casting: Inner Flame (safe; 1% risk of failure)
Confirm with . or Enter, or press ? or * to list all spells.
Casting: Flame Wave (safe; 1% risk of failure)
Press: ? - help, Dir - look around, f - activate A wave of flame ripples out! (Press . to intensify the flame waves.) 😕 HP[-3]
You take 3 damage, and now have 49/60 hp.
A wave of flame ripples out!
The flame wave engulfs the death yak!!
Flame seeps out of the death yak.
The flame wave engulfs the death yak but does no damage.
The death yak is engulfed in blazing flames.
Flame seeps out of the death yak. 😕 HP[-1]
You take 1 damage, and now have 48/60 hp.
A wave of flame ripples out!
The flame wave engulfs the death yak.
The flame wave engulfs the death yak!
Flame seeps out of the death yak.
The flame wave engulfs the death yak.
Flame seeps out of the death yak.
The flame wave engulfs the death yak!
You finish channelling waves of flame.
The death yak gores you!
The death yak is engulfed in blazing flames.
Flame seeps out of the death yak.
The death yak completely misses you.
The death yak is engulfed in blazing flames.
Flame seeps out of the death yak. 😮 HP[-17]
You take 17 damage, and now have 31/60 hp.
MASSIVE DAMAGE!! (PAUSE)
Casting: Flame Wave (safe; 1% risk of failure)
Confirm with . or Enter, or press ? or * to list all spells.
Casting: Flame Wave (safe; 1% risk of failure)
Press: ? - help, Dir - look around, f - activate A wave of flame ripples out!
The flame wave engulfs the death yak!
The flame wave engulfs the death yak!!
Cheibriados thoroughly appreciates the change of pace. (Press . to intensify the flame waves.)
* * * LOW HITPOINT WARNING * * *
The death yak explodes!
The fiery explosion engulfs you. You resist.
* * * LOW HITPOINT WARNING * * *
The fiery explosion engulfs the death yak!!
Flame seeps out of the death yak.
The fiery explosion engulfs the death yak!
The fiery explosion engulfs the death yak!!!
You are engulfed in blazing flames.
You resist.
* * * LOW HITPOINT WARNING * * *
The death yak is engulfed in blazing flames.
The death yak gores you but does no damage.
The death yak is engulfed in blazing flames.
Flame seeps out of the death yak.
The death yak is engulfed in blazing flames.
Your Spellcasting skill increases to level 12!
A wave of flame ripples out!
The flame wave engulfs the death yak.
The flame wave engulfs the death yak!
Flame seeps out of the death yak.
The flame wave engulfs the death yak!!
You kill the death yak!
Cheibriados appreciates the change of pace.
* * * LOW HITPOINT WARNING * * *
You are engulfed in blazing flames.
You resist.
* * * LOW HITPOINT WARNING * * *
The death yak is engulfed in blazing flames.
Flame seeps out of the death yak.
The death yak misses you.
The death yak is engulfed in blazing flames.
The death yak gores you!
* * * LOW HITPOINT WARNING * * *
You have reached level 11!
The power to cast Manifold Assault wells up from within.
Spell assigned to 'j'. 😱 HP[-20]
You now have 65 max hp (+5).
You take 20 damage, and now have 11/65 hp.
MASSIVE DAMAGE!! (PAUSE)
The death yak is engulfed in blazing flames. x2
The death yak completely misses you.
Unknown command.
Casting: Flame Wave (safe; 1% risk of failure)
Confirm with . or Enter, or press ? or * to list all spells.
Casting: Flame Wave (safe; 1% risk of failure)
Press: ? - help, Dir - look around, f - activate A wave of flame ripples out!
The flame wave engulfs the death yak!!
You kill the death yak!
Cheibriados appreciates the change of pace. (Press . to intensify the flame waves.)
* * * LOW HITPOINT WARNING * * *
The death yak is engulfed in blazing flames. 😱 HP[-4]
You take 4 damage, and now have 7/65 hp.
A wave of flame ripples out!
The flame wave engulfs the death yak! x2
Cheibriados appreciates the change of pace.
* * * LOW HITPOINT WARNING * * *
The death yak explodes!
The fiery explosion engulfs the death yak!
The death yak is engulfed in blazing flames.
The death yak gores you!
You die...

Skill      XL: |  1  2  3  4  5  6  7  8  9 10 |
---------------+-------------------------------+-----
Spellcasting   | 3 4 5 6 8 10 12 | 12.7
Dodging        | |  2.1
Stealth        | |  1.5

Action                   |  1- 3 |  4- 6 |  7- 9 | 10-12 || total
-------------------------+-------+-------+-------+-------++-------
Melee: Unarmed           |     3 |     1 |       |       ||     4
       Short sword       |       |       |     2 |     2 ||     4
 Cast: Foxfire           |   100 |   181 |     1 |       ||   282
       Kindle Blastspark |     1 |     8 |     2 |     6 ||    17
       Flame Wave        |       |     1 |     7 |     8 ||    16
       Stone Arrow       |       |       |    88 |    42 ||   130
       Airstrike         |       |       |     2 |     3 ||     5
       Inner Flame       |       |       |       |     3 ||     3
  Use: Scroll            |     7 |     1 |    13 |     3 ||    24
       Potion            |     3 |       |       |     1 ||     4
Armor: Robe              |     7 |     8 |     4 |     8 ||    27
       Steam dragon scal |       |       |       |     4 ||     4
Dodge: Dodged            |    33 |    22 |    22 |    21 ||    98

Levels and vault maps discovered:
D:1:      onia_arrival_pyramid, layout_loops_ring,
          shapermc_ecumenical_altar_notcrosses,
          hangedman_abyss_or_decor_lesser_grid
D:2:      layout_rooms
D:3:      layout_loops_cross, portal_sewer_entry_d
D:4:      layout_loops_ring, chequers_temple_overflow_statue_of_worship,
          uniq_menkaure
D:5:      layout_gridville, kennysheep_little_box, uniq_prince_ribbit1
D:6:      layout_basic, tgw_fedhas, slow_altar_2, doesnt_xom_only_xom,
          minmay_temple_entry_glassed_door, gammafunk_ghost_grave,
          uniq_blork_the_orc
D:7:      layout_gridville, gammafunk_ghost_grave, kennysheep_another_room
D:8:      layout_basic, dpeg_lair_monsters, serial_shops,
          nicolae_shop_statue_plus, uniq_maurice, uniq_maggie, uniq_joseph
Temple:   nicolae_temple_figure_eight

Notes
Turn   | Place    | Note
-------+----------+-------------------------------------------
     0 | D:1      | ytrimaz the Djinni Fire Elementalist began the quest for
                  | the Orb.
     0 | D:1      | ytrimaz set off with the following spells memorised:
                  | Foxfire, Scorch, Kindle Blastsparks, Inner Flame, Flame
                  | Wave.
     0 | D:1      | Reached XP level 1. HP: 15/15 MP: 0/0
     0 | D:1      | magus.rc [v1.9.6]
   274 | D:1      | Reached XP level 2. HP: 18/21 MP: 0/0
   454 | D:1      | Reached skill level 3 in Spellcasting
   744 | D:1      | Found a faded altar of an unknown god.
   873 | D:2      | Reached XP level 3. HP: 23/25 MP: 0/0
   873 | D:2      | Learned a level 1 spell: Beastly Appendage
  1502 | D:3      | HP: 6/25 [orc/+0 falchion (6)]
  1505 | D:3      | HP: 1/25 [orc/+0 falchion (2)]
  1678 | D:3      | Found a glowing drain.
  1682 | D:3      | Reached XP level 4. HP: 29/31 MP: 0/0
  1692 | Sewer    | Entered a sewer
  1834 | Sewer    | Reached skill level 4 in Spellcasting
  2104 | Sewer    | Reached XP level 5. HP: 33/35 MP: 0/0
  2104 | Sewer    | Learned a level 2 spell: Static Discharge
  2949 | D:3      | Reached XP level 6. HP: 21/40 MP: 0/0
  3374 | D:4      | Reached skill level 5 in Spellcasting
  3443 | D:4      | Found a hide-covered altar of Uskayaw.
  3446 | D:4      | Found a hazy altar of Hepliaklqana.
  3705 | D:4      | Noticed Menkaure
  3714 | D:4      | Killed Menkaure
  4116 | D:4      | Reached XP level 7. HP: 44/45 MP: 0/0
  4116 | D:4      | Learned a level 3 spell: Stone Arrow
  4295 | D:5      | Entered Level 5 of the Dungeon
  4300 | D:5      | Reached skill level 6 in Spellcasting
  4363 | D:5      | Found a bloodstained altar of Trog.
  4529 | D:5      | Noticed Prince Ribbit
  4542 | D:5      | HP: 9/45 [shot self (6)]
  4545 | D:5      | Killed Prince Ribbit
  4871 | D:5      | Reached XP level 8. HP: 47/50 MP: 0/0
  4888 | D:5      | Reached skill level 7 in Spellcasting
  5490 | D:6      | Noticed porpoise's ghost (amateur TeHu)
  5490 | D:6      | Found a runed translucent door.
  5564 | D:6      | Noticed Blork the orc
  5567 | D:6      | Killed Blork the orc
  5568 | D:6      | Reached skill level 8 in Spellcasting
  5665 | D:6      | Identified the +7 short sword of Pokoudghi {venom, rPois
                  | rF+ Int+2}
  5848 | D:6      | Found an opulent altar of Gozag.
  5850 | D:6      | Found an opulent altar of Gozag.
  5852 | D:6      | Found a blossoming altar of Fedhas.
  5852 | D:6      | Found a shimmering altar of Xom.
  5886 | D:6      | Reached XP level 9. HP: 43/55 MP: 0/0
  5886 | D:6      | Learned a level 4 spell: Airstrike
  6050 | D:6      | Found a staircase to the Ecumenical Temple.
  6136 | D:6      | Found a blossoming altar of Fedhas.
  6158 | D:6      | Noticed an oklob plant
  6213 | D:6      | Found a snail-covered altar of Cheibriados.
  6605 | D:6      | Killed porpoise's ghost
  6606 | D:6      | Reached skill level 9 in Spellcasting
  6671 | Temple   | Entered the Ecumenical Temple
  6933 | D:6      | Became a worshipper of Cheibriados the Contemplative
  7039 | D:7      | Found a runed translucent door.
  7040 | D:7      | Noticed pigah's ghost (novice OpWn)
  7673 | D:7      | Reached skill level 10 in Spellcasting
  7676 | D:7      | Reached * piety under Cheibriados
  8172 | D:8      | Noticed a death yak
  8172 | D:8      | Noticed Maggie
  8174 | D:8      | Noticed a death yak
  8174 | D:8      | Noticed a death yak
  8174 | D:8      | Noticed a death yak
  8175 | D:8      | Noticed a death yak
  8178 | D:8      | Killed Maggie
  8179 | D:8      | Reached XP level 10. HP: 44/60 MP: 0/0
  8258 | D:8      | Found Zigudeq's Armour Boutique.
  8498 | D:8      | Noticed a death yak
  8498 | D:8      | Noticed a death yak
  8499 | D:8      | Noticed a death yak
  8521 | D:8      | HP: 12/60 [death yak (18)]
  8522 | D:8      | HP: 3/60 [death yak (8)]
  8781 | D:8      | Noticed Maurice
  8784 | D:8      | Killed Maurice
  8785 | D:8      | Reached skill level 11 in Spellcasting
  8926 | D:8      | Found a staircase to the Lair.
  9003 | D:7      | Killed a death yak
  9288 | D:7      | HP: 15/60 [death yak (19)]
  9528 | D:8      | Reached ** piety under Cheibriados
  9748 | D:8      | Noticed Joseph
  9751 | D:8      | Killed Joseph
  9806 | D:8      | Killed a death yak
  9807 | D:8      | Reached skill level 12 in Spellcasting
  9807 | D:8      | Killed a death yak
  9807 | D:8      | HP: 10/60 [death yak (9)]
  9808 | D:8      | Reached XP level 11. HP: 11/65 MP: 0/0
  9808 | D:8      | Learned a level 4 spell: Manifold Assault
  9809 | D:8      | Killed a death yak
  9810 | D:8      | Killed a death yak
  9810 | D:8      | Slain by a death yak

Vanquished Creatures
  5 death yaks
  Maurice (D:8)
  Maggie (D:8)
  Joseph (D:8)
  Prince Ribbit (D:5)
  Menkaure (D:4)
  The ghost of porpoise the Shooter, an amateur TeHu (D:6)
  A sky beast (D:7)
  3 water moccasins
  A black bear (D:5)
  2 orc warriors (D:8)
  2 ice beasts
  3 phantoms
  3 kobold brigands
  Blork the orc (D:6)
  4 necrophages
  A bullfrog (D:8)
  5 killer bees (D:7)
  3 howler monkeys
  4 jellies
  4 hounds
  An orc priest (D:8)
  4 iguanas
  3 orc wizards
  A mummy (D:6)
  4 gnolls (D:6)
  13 adders
  4 river rats (Sewer)
  A shadow imp (D:7)
  A white imp (D:7)
  An ufetubus (D:6)
  A worm (Sewer)
  2 dart slugs
  19 orcs
  12 ball pythons
  7 bats
  4 endoplasms
  5 giant cockroaches (Sewer)
  4 goblins
  4 hobgoblins
  5 jackals
  19 kobolds
  6 quokkas
  7 frilled lizards
  4 rats
180 creatures vanquished.

Vanquished Creatures (others)
  437 foxfires
437 creatures vanquished.

Grand Total: 617 creatures vanquished

Table legend:
 A = Non-vault XP
 B = Vault XP
 C = Vault XP percentage of total XP
 D = Non-vault monster count
 E = Vault monster count
 F = Vault count percentage of total count
                 A         B        C        D         E       F
            +---------+---------+-------+---------+---------+-------
      Total |    3701 |    6220 |  62.7 |     129 |      51 |  28.3
            +---------+---------+-------+---------+---------+-------
        D:1 |      26 |       0 |   0.0 |      14 |       0 |   0.0
        D:2 |      16 |       0 |   0.0 |      10 |       0 |   0.0
        D:3 |      87 |      13 |  13.0 |      18 |       1 |   5.3
        D:4 |      90 |     172 |  65.6 |      12 |       1 |   7.7
        D:5 |     679 |     264 |  28.0 |      13 |       1 |   7.1
        D:6 |     663 |     272 |  29.1 |      16 |       3 |  15.8
        D:7 |    1322 |     805 |  37.8 |      26 |       1 |   3.7
        D:8 |     818 |    4528 |  84.7 |      20 |       7 |  25.9
      Sewer |       0 |     166 | 100.0 |       0 |      37 | 100.0
            +---------+---------+-------+---------+---------+-------

Illustrated notes

Table legend:
 A = Kills in this place as a percentage of kills in entire the game.
 B = Kills by you in this place as a percentage of kills by you in the entire game.
 C = Kills by friends in this place as a percentage of kills by friends in the entire game.
 D = Other kills in this place as a percentage of other kills in the entire game.
 E = Experience gained in this place as a percentage of experience gained in the entire game.
 F = Experience gained in this place divided by the number of levels of this place that you have seen.
                   A       B       C       D       E      F
               +-------+-------+-------+-------+-------+----------------------
         Total | 100.0 | 100.0 |   N/A |   N/A | 100.0 | 992.1
       Dungeon |  79.4 |  79.4 |   N/A |   N/A |  98.3 | 1219.4
         Sewer |  20.6 |  20.6 |   N/A |   N/A |   1.7 | 166.0
               +-------+-------+-------+-------+-------+----------------------

Table legend: (Time is in decaauts)
 A = Elapsed time spent in this place.
 B = Non-inter-level travel time spent in this place.
 C = Inter-level travel time spent in this place.
 D = Time resting spent in this place.
 E = Time spent auto-exploring this place.
 F = Levels seen in this place.
 G = Mean time per level.
                   A        B        C        D        E       F      G
               +--------+--------+--------+--------+--------+-----+--------+
         Total |  10303 |  10005 |    298 |    724 |   7851 |  10 | 1030.3 |
       Dungeon |   9183 |   8903 |    280 |    724 |   6920 |   8 | 1147.9 |
        Temple |    222 |    204 |     18 |      0 |    201 |   1 |  222.0 |
         Sewer |    896 |    896 |      0 |      0 |    730 |   1 |  896.0 |
               +--------+--------+--------+--------+--------+-----+--------+

Top non-repeatable levels by time:
     D:7: 2026 daAuts
     D:8: 1321 daAuts
     D:6: 1244 daAuts
     D:5: 1193 daAuts
     D:3: 1039 daAuts
     D:4: 923 daAuts
   Sewer: 896 daAuts
     D:1: 868 daAuts
     D:2: 567 daAuts
  Temple: 222 daAuts
